Map: Automaton LE

Players

Clem

  • Race: Terran Terran
  • League: Grandmaster
  • Spawn Location: 9:00

Lambo - Winner!

  • Race: Zerg Zerg
  • League: Master
  • Spawn Location: 3:00

VOD

Have the link to the VOD?

Description

Time

  • Played on: Jan. 20, 2019, 6:57 a.m.
  • Length: 27:10
Show
View Real Time Build Order
Export as new Build Order

Clem Terran 

Build Orders: Reaper Expand 

Get SALT Encoding   

  12  0:00  SCV  
  13  0:12  SCV  
  14  0:17  Supply Depot  
  14  0:25  SCV  
  15  0:39  SCV  
  15  0:41  Barracks  
  16  0:44  Refinery  
  16  0:51  SCV  
  17  1:03  SCV  
  18  1:15  SCV  
  19  1:29  Reaper, Orbital Command  
  20  1:41  Command Center  
  20  1:51  Supply Depot  
  20  1:54  SCV  
  20  2:01  Marine  
  22  2:06  Factory  
  22  2:09  SCV  
  23  2:18  Marine  
  23  2:21  SCV  
  25  2:30  Barracks  
  25  2:33  SCV  
  26  2:41  Barracks Reactor  
  26  2:46  SCV  
  27  2:52  Hellion  
  27  2:53  Orbital Command  
  27  2:58  SCV  
  30  3:10  SCV  
  31  3:15  Command Center  
  31  3:21  SCV  
  31  3:22  SCV  
  31  3:23  Barracks Tech Lab  
  31  3:25  Hellion  
  37  3:27  Hellion  
  37  3:30  Barracks Reactor  
  37  3:32  Supply Depot  
  37  3:35  SCV x2  
  39  3:46  Stimpack, Hellion  
  43  3:48  Hellion  
  43  3:51  SCV x2, Refinery  
  45  3:55  Marine  
  46  4:03  SCV  
  46  4:06  Starport, Marine x2  
  49  4:14  SCV  
  49  4:15  Marine  
  49  4:16  SCV, Supply Depot  
  52  4:24  Marine x2  
  52  4:26  SCV  
  52  4:30  Factory Reactor  
  55  4:33  Engineering Bay x2  
  55  4:36  Barracks  
  55  4:37  Marine  
  56  4:42  Marine x2  
  56  4:44  SCV, Refinery  
  56  4:45  SCV  
  60  4:50  Orbital Command  
  60  4:58  SCV  
  60  4:59  SCV  
  64  5:00  Medivac x2  
  64  5:01  Marine  
  64  5:06  Supply Depot  
  67  5:08  Marine  
  67  5:11  SCV x2  
  67  5:13  Marine  
  71  5:19  SCV  
  71  5:20  Terran Infantry Armor Level 1  
  72  5:23  SCV  
  72  5:24  Refinery  
  72  5:25  Terran Infantry Weapons Level 1  
  72  5:26  Marine  
  72  5:27  Marine  
  75  5:30  Supply Depot  
  75  5:31  Marine x2  
  75  5:33  SCV  
  75  5:34  SCV  
  79  5:37  SCV  
  80  5:44  Marine x2  
  80  5:45  Orbital Command  
  80  5:47  SCV  
  80  5:48  Supply Depot  
  83  5:52  Combat Shield, Barracks  
  83  5:54  Barracks  
  83  5:55  Factory Tech Lab  
  83  5:57  SCV  
  84  6:00  SCV  
  84  6:06  Marine  
  84  6:09  SCV, Supply Depot  
  86  6:12  SCV  
  86  6:17  Marine x2  
  86  6:18  Siege Tank  
  92  6:22  SCV, Supply Depot  
  94  6:25  SCV  
  94  6:26  Medivac x2  
  94  6:28  Marine  
  94  6:31  Armory  
  98  6:35  Marine  
  98  6:37  Marine  
  98  6:39  SCV x2  
  97  6:40  Marine  
  97  6:46  Barracks Reactor x2  
  98  6:48  Marine x2  
  98  6:49  SCV, Supply Depot  
  98  6:53  Siege Tank  
  104  6:58  SCV x2, Marine  
  104  6:59  Marine  
  104  7:00  Marine  
  106  7:02  Supply Depot  
  106  7:03  SCV  
  106  7:06  Marine  
  108  7:09  Medivac  
  108  7:10  SCV, Medivac  
  108  7:13  SCV  
  108  7:14  Marine  
  115  7:16  Marine  
  115  7:20  Marine x2  
  115  7:22  SCV  
  118  7:23  Marine  
  118  7:29  Supply Depot  
  119  7:30  SCV  
  119  7:31  Terran Infantry Weapons Level 2, Refinery  
  119  7:32  Factory, Marine  
  119  7:33  Refinery  
  121  7:38  Marine x5  
  121  7:39  Supply Depot  
  121  7:42  Terran Infantry Armor Level 2  
  126  7:44  SCV x2  
  126  7:48  Marine  
  127  7:53  Marine x3  
  127  7:56  Marine x5  
  135  7:58  Orbital Command  
  135  8:00  Supply Depot, Terran Vehicle Weapons Level 1  
  135  8:01  Siege Tank  
  138  8:06  Marine  
  138  8:11  Marine x3  
  134  8:14  SCV  
  134  8:15  SCV  
  134  8:19  Factory Tech Lab  
  120  8:23  Marine x2  
  120  8:26  SCV x2  
  124  8:27  SCV  
  124  8:30  Marine  
  124  8:32  Medivac  
  128  8:34  Siege Tank  
  128  8:38  SCV  
  128  8:39  Marine x5  
  128  8:40  SCV x2  
  139  8:42  Siege Tank  
  142  8:52  Supply Depot  
  142  8:54  Marine  
  143  8:57  Marine  
  143  9:01  Command Center  
  144  9:06  SCV, Siege Tank  
  148  9:13  Supply Depot  
  148  9:14  Siege Tank  
  151  9:18  Medivac  
  141  9:28  Marine  
  141  9:29  Marine x3  
  141  9:31  Marine  
  119  9:32  Marine x4  
  123  9:38  Siege Tank  
  123  9:41  SCV  
  123  9:42  SCV  
  128  9:46  Marine x4  
  128  9:47  Sensor Tower, Widow Mine  
  134  9:53  Marine, Sensor Tower  
  134  9:54  SCV  
  134  9:59  Terran Infantry Weapons Level 3, Terran Infantry Armor Level 3  
  135  10:08  Siege Tank, Marine x5  
  135  10:09  Marine x3  
  135  10:11  SCV  
  145  10:27  SCV  
  146  10:32  Siege Tank  
  146  10:33  SCV  
  149  10:38  Concussive Shells  
  149  10:39  Terran Vehicle Weapons Level 2  
  149  10:41  Marauder, Barracks x2  
  149  10:42  Barracks  
  151  10:43  Sensor Tower  
  151  10:47  Planetary Fortress  
  151  10:49  SCV x3  
  154  10:54  Medivac  
  153  11:01  SCV x2, Refinery  
  153  11:02  Refinery  
  157  11:11  Marauder  
  157  11:13  Ghost Academy  
  157  11:16  Supply Depot  
  156  11:21  SCV x2  
  156  11:25  SCV  
  159  11:28  Command Center, Liberator x2  
  159  11:31  SCV  
  160  11:33  Barracks Tech Lab x3  
  160  11:38  Supply Depot  
  165  11:52  Personal Cloaking, Ghost x3  
  171  11:57  SCV x2  
  173  12:06  Ghost  
  172  12:12  Starport x2  
  172  12:14  Fusion Core  
  159  12:18  SCV x3  
  159  12:19  SCV  
  159  12:21  Ghost  
  165  12:24  Liberator  
  165  12:25  Liberator  
  165  12:29  Ghost x2  
  165  12:30  SCV x2  
  165  12:31  SCV  
  177  12:53  Planetary Fortress  
  177  12:55  Command Center  
  177  13:01  Ghost x2  
  173  13:14  Ghost x2  
  173  13:17  Marine x3  
  170  13:22  Command Center  
  170  13:27  Siege Tank  
  170  13:28  Marine x2  
  170  13:30  Ghost  
  170  13:33  Marauder, Marine x2  
  181  13:35  Starport Tech Lab, Starport Reactor  
  181  13:38  SCV, Terran Ship Weapons Level 1  
  181  13:39  SCV x4  
  181  13:40  Marine x3  
  189  13:41  Liberator  
  189  13:42  Marine  
  189  13:43  Marauder  
  189  13:44  Marauder  
  189  13:46  Marine x2  
  196  13:54  Marauder  
  187  13:57  Advanced Ballistics  
  187  13:59  Marauder  
  187  14:00  Neosteel Armor  
  187  14:01  Marine x2  
  192  14:04  Ghost  
  192  14:05  Marine  
  192  14:07  Siege Tank  
  198  14:10  Orbital Command  
  198  14:11  Missile Turret  
  198  14:14  Refinery  
  198  14:15  Missile Turret  
  198  14:17  Refinery  
  198  14:19  Marine x2  
  198  14:24  Hi-Sec Auto Tracking  
  198  14:25  Missile Turret, Sensor Tower  
  198  14:43  Missile Turret  
  198  14:44  Command Center  
  198  14:45  Liberator x2  
  198  14:48  Liberator x3  
  198  14:54  Starport  
  198  15:03  Planetary Fortress  
  193  15:16  Ghost  
  190  15:28  Liberator  
  186  15:34  Medivac  
  188  15:37  Ghost x2  
  188  15:40  Marine x2  
  194  15:45  Medivac, Liberator x2  
  194  15:46  Marine, Liberator  
  189  15:58  Command Center  
  189  16:00  Command Center  
  189  16:02  Command Center  
  198  16:11  Terran Ship Weapons Level 2  
  198  16:14  Marine  
  195  16:22  Missile Turret  
  195  16:23  Missile Turret  
  195  16:24  Ghost  
  197  16:27  Missile Turret, Command Center  
  197  16:34  Ghost  
  198  16:51  Medivac  
  199  16:54  Ghost  
  199  16:58  Ghost  
  200  17:10  Planetary Fortress  
  200  17:11  Ghost  
  200  17:12  Ghost  
  200  17:14  Orbital Command  
  199  17:19  Marine  
  198  17:23  Refinery x2  
  197  17:32  Missile Turret  
  197  17:34  Missile Turret, Command Center  
  197  17:40  Marine x3  
  197  17:41  Planetary Fortress  
  200  17:54  Nuke  
  200  18:07  Liberator  
  200  18:13  Liberator x3  
  200  18:18  Medivac, Liberator  
  194  18:22  Ghost x2  
  190  18:29  Ghost x2  
  197  18:42  Marine x3  
  200  19:18  Terran Ship Weapons Level 3  
  200  19:26  Orbital Command  
  200  19:29  Command Center  
  200  19:30  Armory  
  200  19:32  Barracks  
  200  19:33  Barracks  
  198  20:02  Unknown x4  
  198  20:13  Ghost x2  
  180  20:14  Marine  
  180  20:17  Marine  
  180  20:18  Marine  
  178  20:28  Ghost  
  174  20:33  Ghost  
  174  20:34  Marine  
  161  20:38  Marine x5  
  161  20:39  Viking x5  
  161  20:40  Marine  
  161  20:42  Thor x2, Ghost x2  
  166  20:43  Marine  
  166  20:46  Viking  
  165  20:51  Barracks Tech Lab  
  165  20:52  Barracks Tech Lab  
  165  20:56  Ghost  
  157  20:58  Marine x2  
  157  20:59  Marine x5  
  157  21:01  Marine, Ghost  
  167  21:09  Viking x3  
  167  21:10  Ghost x3  
  173  21:12  Marine  
  173  21:15  Unknown x4  
  173  21:16  Marine x3  
  177  21:21  Viking x2  
  177  21:25  Ghost  
  178  21:30  Ghost  
  175  21:34  Liberator x2  
  175  21:39  Orbital Command, Ghost x2  
  168  21:41  Ghost  
  168  21:43  Siege Tank, Ghost  
  159  21:50  Marine x2  
  159  21:53  Ghost  
  148  21:54  Marine x3  
  148  21:55  Marine x3  
  148  21:58  Ghost  
  149  22:07  Ghost x2  
  149  22:08  Marine x2  
  153  22:10  Ghost  
  153  22:11  Ghost  
  148  22:22  Ghost  
  150  22:25  Marine x5  
  150  22:27  Ghost  
  157  22:31  Marine  
  157  22:34  Marine  
  157  22:36  Ghost x2  
  157  22:38  Ghost  
  157  22:40  Ghost  
  161  22:44  Planetary Fortress  
  161  22:45  Refinery  
  161  22:50  Command Center, Refinery, Marine x6, Ghost  
  169  22:52  Refinery x2, Marine  
  169  22:55  Ghost  
  169  22:57  Medivac  
  174  23:02  Medivac  
  174  23:03  Marine  
  174  23:04  Ghost  
  174  23:05  Marine  
  180  23:07  Liberator  
  180  23:19  Siege Tank  
  163  23:29  Medivac  
  163  23:31  Marine x4  
  169  23:40  Marine x5  
  168  23:45  Marine  
  169  23:48  Medivac  
  169  23:53  Command Center  
  169  23:54  Ghost x2  
  173  24:09  Command Center  
  173  24:10  Missile Turret, Ghost x2  
  173  24:12  Missile Turret, Medivac  
  173  24:15  Missile Turret  
  173  24:16  Missile Turret  
  179  24:17  Missile Turret  
  175  24:25  Liberator x4  
  175  24:26  Medivac  
  176  24:36  Unknown  
  175  24:44  Orbital Command  
  172  24:45  Marine x2  
  172  24:46  Marine  
  159  24:53  Siege Tank  
  160  25:00  Marine x6  
  160  25:01  Siege Tank  
  162  25:19  Marine x5  
  162  25:21  Ghost x2  
  148  25:23  Ghost  
  148  25:24  Ghost  
  148  25:25  Siege Tank  
  148  25:26  Marine x5  
  147  25:37  Marine x5  
  148  25:43  Marine, Ghost  
  148  25:44  Marine x3  
  153  25:52  Ghost  
  155  26:00  Viking  
  154  26:04  Marine x9  
  154  26:05  Marine x3  
  166  26:12  Marine  
  166  26:21  Marine  
  166  26:22  Marine x3  
  166  26:23  Unknown x2  
  169  26:26  Command Center x2  
  169  26:27  Refinery x2  
  169  26:31  Ghost  
  169  26:32  Marine  
  143  26:43  Orbital Command  
Show
View Real Time Build Order
Export as new Build Order

Lambo Zerg - Winner!

Build Orders: Hatch First 

Get SALT Encoding   

  12  0:00  Drone  
  13  0:12  Overlord  
  13  0:18  Drone  
  14  0:31  Drone x2  
  16  0:49  Hatchery  
  15  0:52  Drone  
  15  0:56  Drone  
  17  0:59  Drone  
  18  1:10  Extractor  
  17  1:15  Spawning Pool  
  17  1:18  Drone  
  17  1:23  Drone  
  18  1:30  Drone  
  19  1:39  Drone  
  20  1:49  Overlord  
  20  2:01  Queen x2  
  20  2:02  Zergling x4  
  26  2:12  Drone x2  
  26  2:15  Metabolic Boost  
  28  2:22  Drone  
  29  2:23  Drone  
  30  2:42  Hatchery  
  29  2:44  Drone  
  29  2:50  Pneumatized Carapace  
  30  2:53  Drone  
  30  2:54  Drone  
  32  2:58  Overlord  
  32  3:03  Drone  
  32  3:05  Drone  
  34  3:07  Drone  
  34  3:13  Drone  
  34  3:19  Drone x2  
  37  3:20  Drone x2  
  37  3:23  Queen  
  41  3:27  Overlord  
  41  3:33  Queen  
  43  3:46  Overlord  
  43  3:47  Drone x3  
  46  3:49  Drone x2  
  46  3:50  Drone x2  
  50  3:56  Drone  
  51  4:04  Overlord  
  51  4:05  Drone x2  
  51  4:08  Queen  
  55  4:10  Queen  
  55  4:12  Evolution Chamber  
  55  4:14  Drone  
  55  4:16  Drone x2  
  59  4:18  Drone  
  59  4:20  Drone  
  61  4:24  Overlord  
  61  4:27  Drone x2  
  61  4:29  Drone  
  64  4:33  Drone x3  
  67  4:38  Zerg Ground Armor Level 1  
  67  4:39  Extractor, Drone x2  
  67  4:40  Extractor  
  67  4:45  Drone  
  68  4:46  Drone x2  
  68  4:47  Drone x2  
  68  4:50  Drone  
  73  4:53  Lair  
  73  4:56  Extractor, Overlord  
  73  4:57  Extractor  
  73  4:58  Queen  
  73  5:01  Drone x2  
  75  5:09  Drone x5  
  75  5:10  Drone  
  75  5:11  Baneling Nest  
  75  5:13  Drone  
  81  5:17  Zergling x4  
  83  5:23  Evolution Chamber, Zergling x6  
  85  5:32  Overlord  
  85  5:33  Zergling x8  
  89  5:37  Overlord  
  89  5:39  Overlord  
  89  5:41  Hatchery  
  88  5:47  Overlord  
  88  5:49  Overlord  
  88  5:50  Overlord  
  88  5:52  Zergling x10  
  88  5:55  Baneling x9  
  88  5:57  Zergling x2  
  94  5:58  Centrifical Hooks  
  94  6:01  Zergling x4  
  96  6:06  Zergling x8  
  100  6:12  Drone x2  
  100  6:14  Zerg Melee Weapons Level 1  
  100  6:16  Drone  
  101  6:20  Drone x4, Queen, Hydralisk Den  
  101  6:22  Drone  
  101  6:25  Overlord  
  107  6:28  Overlord  
  107  6:29  Overlord  
  107  6:35  Zergling x10  
  107  6:39  Zergling x2  
  108  6:44  Drone x2  
  109  6:48  Zerg Ground Armor Level 2  
  109  6:50  Hydralisk x3  
  109  6:51  Zergling x2  
  109  6:53  Overlord  
  116  6:57  Zergling x2  
  112  7:02  Grooved Spines  
  112  7:03  Drone x3  
  112  7:06  Extractor, Hydralisk  
  116  7:09  Queen  
  116  7:11  Overlord  
  116  7:13  Hydralisk x2  
  116  7:15  Overlord  
  122  7:18  Hydralisk x2  
  122  7:22  Hydralisk x2  
  126  7:28  Drone x3  
  133  7:32  Hydralisk x3  
  139  7:41  Drone  
  139  7:42  Overlord  
  140  7:44  Infestation Pit  
  140  7:45  Baneling x9  
  140  7:49  Zergling x20  
  148  7:54  Drone x4  
  151  8:01  Zergling x10  
  151  8:02  Baneling x2  
  156  8:09  Hatchery, Zergling x14  
  152  8:13  Muscular Augments  
  152  8:16  Zergling x6  
  152  8:18  Baneling x16  
  152  8:19  Zergling x2  
  151  8:22  Baneling x5  
  151  8:24  Zergling x2  
  149  8:29  Zergling x6  
  149  8:33  Zergling x12  
  154  8:43  Zergling x6  
  154  8:44  Hive  
  154  8:48  Extractor, Zergling x2  
  156  8:49  Zergling x2  
  156  8:53  Baneling x4  
  158  8:57  Hydralisk x6  
  158  8:58  Zergling x6  
  170  9:03  Baneling x2  
  170  9:07  Hatchery  
  170  9:09  Zergling x8  
  173  9:12  Baneling x7  
  173  9:14  Zergling x12  
  164  9:24  Zergling x12  
  164  9:26  Zergling x8  
  157  9:39  Zergling x18  
  157  9:43  Baneling x8, Zerg Melee Weapons Level 2  
  166  9:49  Overlord  
  166  9:56  Zergling x12  
  173  10:00  Zergling x2  
  173  10:02  Zerg Ground Armor Level 3  
  171  10:12  Overlord  
  171  10:18  Overlord  
  171  10:19  Adrenal Glands  
  171  10:21  Spire  
  171  10:22  Extractor, Drone x7  
  171  10:24  Queen  
  171  10:26  Extractor, Spore Crawler  
  171  10:27  Drone x3  
  171  10:28  Viper x2  
  179  10:30  Spine Crawler  
  179  10:33  Zergling x16  
  190  10:41  Spore Crawler  
  190  10:42  Spore Crawler  
  184  10:50  Overlord  
  184  10:54  Drone x3  
  184  10:55  Drone x4  
  188  11:00  Viper  
  188  11:02  Baneling x9  
  191  11:08  Hatchery  
  189  11:20  Overlord  
  189  11:36  Greater Spire, Zergling x24  
  189  11:37  Zergling x2  
  197  11:55  Baneling  
  197  11:56  Baneling x2  
  197  12:00  Queen  
  192  12:32  Pathogen Glands  
  192  12:36  Extractor  
  191  12:37  Zerg Melee Weapons Level 3  
  191  12:40  Zerg Missile Weapons Level 1  
  191  12:53  Drone x2, Spore Crawler x2  
  191  12:54  Drone  
  191  12:55  Spore Crawler  
  191  13:00  Zerg Flyer Weapons Level 1  
  191  13:08  Unknown  
  184  13:16  Viper  
  184  13:17  Viper  
  190  13:22  Extractor  
  190  13:23  Extractor  
  188  13:33  Overseer  
  187  13:36  Corruptor x5  
  187  13:38  Neural Parasite  
  187  13:39  Burrow  
  197  13:43  Drone x2  
  195  14:07  Infestor x2  
  195  14:08  Infestor  
  199  14:31  Hatchery  
  198  14:54  Zerg Flyer Armor Level 1  
  198  14:57  Extractor  
  198  14:58  Extractor  
  194  15:01  Spore Crawler  
  194  15:02  Spore Crawler x2  
  186  15:10  Drone x6  
  186  15:13  Infestor  
  186  15:14  Infestor x2  
  193  15:27  Infestor x2  
  193  15:28  Infestor  
  173  15:39  Zerg Missile Weapons Level 2  
  173  15:41  Overlord  
  173  15:47  Overseer  
  173  15:48  Infestor  
  173  15:49  Infestor  
  176  15:51  Corruptor x2  
  176  15:52  Corruptor x3  
  176  15:56  Spire  
  185  16:19  Hatchery  
  185  16:21  Extractor, Ultralisk Cavern  
  185  16:22  Extractor  
  181  16:26  Spine Crawler  
  181  16:27  Spore Crawler  
  181  16:28  Spore Crawler  
  181  16:30  Corruptor x5  
  181  16:31  Corruptor  
  190  16:32  Corruptor  
  190  16:33  Corruptor x2  
  177  17:01  Overseer  
  176  17:27  Brood Lord x13  
  198  17:32  Zerg Flyer Armor Level 2  
  198  17:33  Zerg Flyer Weapons Level 2  
  198  17:35  Chitinous Plating  
  198  17:38  Drone  
  199  17:50  Baneling x28  
  199  18:19  Unknown  
  199  18:26  Corruptor x7  
  199  18:28  Unknown  
  195  18:54  Anabolic Synthesis  
  195  18:58  Brood Lord  
  195  18:59  Brood Lord  
  199  19:05  Spore Crawler x2  
  199  19:06  Spore Crawler x5  
  199  19:07  Spore Crawler  
  199  19:08  Spore Crawler x3  
  199  19:09  Spore Crawler  
  187  19:10  Spore Crawler x2  
  187  19:11  Spore Crawler x2  
  187  19:12  Spore Crawler x3  
  187  19:13  Spore Crawler x4  
  187  19:14  Spore Crawler x2  
  187  19:16  Corruptor x12  
  223  19:36  Overseer  
  223  19:37  Overseer  
  221  20:07  Unknown  
  211  20:15  Overlord  
  197  20:22  Unknown  
  166  20:36  Infestor x4  
  166  20:37  Infestor x6  
  166  20:42  Infestor x3  
  188  20:50  Zergling x8  
  188  20:57  Overlord  
  192  21:13  Baneling x8  
  192  21:31  Corruptor x5  
  178  21:46  Zergling x52  
  186  21:55  Corruptor x3  
  174  22:20  Corruptor x10  
  186  22:39  Baneling x7  
  186  22:40  Baneling x20, Overseer  
  186  22:47  Ultralisk  
  192  23:08  Overseer  
  192  23:14  Overlord  
  192  23:26  Extractor  
  169  23:28  Brood Lord x3  
  169  23:29  Brood Lord, Hatchery  
  169  23:30  Extractor, Overlord x4  
  173  23:39  Overlord  
  171  23:42  Zergling x24  
  171  23:45  Overseer  
  185  23:48  Brood Lord  
  185  23:50  Baneling x5  
  185  23:52  Brood Lord x4  
  185  23:53  Corruptor  
  185  23:54  Corruptor x2  
  199  23:56  Zerg Flyer Weapons Level 3, Zerg Flyer Armor Level 3  
  199  24:07  Baneling x24  
  199  24:25  Overseer x2  
  190  24:56  Zergling x24  
  199  25:01  Overlord x2  
  199  25:06  Spore Crawler  
  198  25:08  Spore Crawler  
  198  25:10  Spine Crawler  
  196  25:17  Zergling x24  
  191  25:31  Corruptor x5  
  191  25:34  Baneling x15  
  196  25:42  Baneling  
  196  25:43  Baneling x14  
  196  25:56  Corruptor x2  
  196  25:57  Corruptor  
  194  26:26  Overseer x6  
  194  26:30  Brood Lord  
Tags
 
Add a new tag
Caveats
  • Supply blocks, unpowered buildings, or Contaminate may cause inaccurate times.
  • Supply counts are checked every 10 seconds.